 Dungeon Crawl Stone Soup version 0.28-a0-691-gad6df49e81 (webtiles) character file.

Game seed: 16664554993885741190

520 Tocho the Grave Robber (level 7, -4/38 HPs)
             Began as a Vampire Necromancer on Oct 21, 2021.
             Was an Initiate of Vehumet.
             Slain by Menkaure (10 damage)
             ... on level 4 of the Dungeon.
             The game lasted 00:22:12 (5848 turns).

Tocho the Grave Robber (Vampire Necromancer)        Turns: 5848, Time: 00:22:13

Health: -4/38      AC:  0    Str:  4 (7)  XL:     7   Next: 1%
Magic:  11/13      EV: 19    Int: 16 (20) God:    Vehumet [......]
Gold:   43         SH:  0    Dex: 15 (19) Spells: 5/14 levels left

rFire   . . .      SeeInvis +   (weapon currently unavailable)
rCold   + + .      Faith    .   (shield currently unavailable)
rNeg    + + +      Spirit   .   (armour currently unavailable)
rPois   ∞          Reflect  .   (helmet currently unavailable)
rElec   .          Harm     .   (cloak currently unavailable)
rCorr   .          Rampage  .   (gloves currently unavailable)
Will    .....                   (boots currently unavailable)
Stlth   +++++.....              (no amulet)
HPRegen 0.00/turn               (ring currently unavailable)
MPRegen 0.13/turn               (ring currently unavailable)

@: bat-form, flying, bloodless, inhibited regen, very quick
A: fast, flying, no casting, bloodless, tiny, fangs 3, see invisible, vampiric 2
a: Revivify, End Transformation, Renounce Religion


You were on level 4 of the Dungeon.
You worshipped Vehumet.
Vehumet was noncommittal.
You were a vampire bat.
You visited 2 branches of the dungeon, and saw 5 of its levels.

You collected 121 gold pieces.
You spent 78 gold pieces at shops.

Inventory:

Hand Weapons
 b - a +0 short sword
 l - a +0 short sword of draining
 m - a +1 dagger of protection (melded)
 r - a +0 long sword
Missiles
 k - 4 boomerangs of dispersal
 p - 12 poisoned darts
Armour
 q - the +2 hood of the Assassin (melded) {Detection Stab+ Stlth++}
   (You found it on level 4 of the Dungeon)

   It allows the wearer to sense nearby creatures.
   It allows the wearer to make particularly effective stabbing attacks against
   helpless or unaware enemies with any weapon.
   Stlth:     It makes you much more stealthy.
 s - a +0 robe (melded)
 u - a +0 cloak (melded)
Magical Staves
 t - a staff of death
Scrolls
 a - 3 scrolls of magic mapping {unknown}
 c - 2 scrolls of teleportation {unknown}
 d - a scroll of fog {unknown}
 e - a scroll of acquirement {unknown}
 h - 2 scrolls of enchant weapon {unknown}
Potions
 f - a potion of invisibility {unknown}
 g - a potion of curing {unknown}
 i - 2 potions of might {unknown}
 j - a potion of lignification {unknown}
 n - a potion of flight {unknown}
 o - a potion of cancellation {unknown}


   Skills:
 + Level 1.2 Fighting
 + Level 1.2 Short Blades
 + Level 2.7 Dodging
 + Level 4.0 Stealth
 + Level 4.3 Spellcasting
 + Level 7.0 Necromancy


You had 5 spell levels left.
You knew the following spells:

 Your Spells              Type           Power      Damage    Failure   Level
a - Pain                  Necr           100%       1d9       1%          1
b - Animate Skeleton      Necr           52%        N/A       1%          1
c - Vampiric Draining     Necr           13%        2d7       2%          3
d - Animate Dead          Necr           13%        N/A       9%          4

Your spell library contained the following spells:

 Spells                   Type           Power      Damage    Failure   Level
 Corpse Rot               Necr/Air       28%        N/A       6%          2
 Poisonous Vapours        Pois/Air       6%         N/A       24%         2
 Agony                    Necr           26%        N/A       26%         5


Dungeon Overview and Level Annotations

Branches:
Dungeon (4/15)             Temple (1/1) D:4

Altars:
Cheibriados
Dithmenos
Elyvilon
Fedhas
Gozag
Kikubaaqudgha
Nemelex Xobeh
Ru
Uskayaw
Vehumet
Wu Jian
Xom
Zin
The Shining One

Shops:
D:4 [

Annotations:
D:4 Edmund, Menkaure


Innate Abilities, Weirdness & Mutations

You are a vampire bat.
You are tiny and dextrous.
You move quickly.
You are flying.
You are immune to poison.
Your equipment is almost entirely melded.
You are incapable of wielding weapons or throwing items.
You cannot cast spells.
You do not regenerate when monsters are visible.
You are frail without blood (-20% HP).
You can heal yourself when you bite living creatures.
You have razor-sharp teeth.
You have supernaturally acute eyesight. (SInv)
You are afflicted with vampirism and can become a bat while bloodless.


Message History

You destroy the centaur zombie!
Vehumet accepts your kill.
Your Stealth skill increases to level 4!
You have reached level 7!
There is a sparkling altar of Nemelex Xobeh here.
Menkaure shouts!
Menkaure gestures wildly while chanting.
Menkaure seems to speed up.
Menkaure hits you!
You hit Menkaure.
Your weapon exudes an aura of protection.
Menkaure is lightly damaged.
Menkaure's bandages flutter.
Menkaure hits you.
You hit Menkaure but do no damage.
Menkaure is lightly damaged.
Menkaure closely misses you.
You hit Menkaure.
Menkaure is lightly damaged.
Menkaure's bandages flutter.
Menkaure hits you!!
Ouch! That really hurt!
* * * LOW HITPOINT WARNING * * *
There is a fountain of sparkling water here.
Menkaure closely misses you.
Menkaure wails, "Why can't you leave me to my rest?"
Menkaure misses you. Menkaure barely misses you.
Menkaure hums in an indecipherable tongue.
Menkaure closely misses you.
There is a stone staircase leading up here.
You turn into a vampire bat.
Your +1 dagger of protection melds into your body.
Your +0 cloak melds into your body.
The +2 hood of the Assassin {Detection Stab+ Stlth++} melds into your body.
Your +0 robe melds into your body.
Your +1 dagger of protection goes still.
You feel weakened.
You feel dopey.
You feel clumsy. Menkaure hits you!
You die...

#.......#..##########......#
#.#######....>.....##..#####
#...........######.##..# ##
##########..#....#.#...# #.
#...# #..##.#.#.#..## #.
#.#.######..#......#..# #.
#.#..............###..# #.
#.#######........# #..######.
#.#<........bM...# #......###
#.....###....<...####........
###.#.# #...............#....
#.#.# ###############.#...#
#.#.# #.......#[#.#.# #.#.#
#.#####.#.#.#.# #.#.#
#.....#.#.....# #.#.#
#####.###.###.### #.#.#
#.......#.....#


You could see Menkaure (fast).

Vanquished Creatures
  Blork the orc (D:4)
  A scorpion (D:4)
  A centaur zombie (D:4)
  An iguana (D:4)
  Terence (D:3)
  Jessica (D:3)
  A howler monkey skeleton (D:4)
  8 gnolls
  11 adders
  An adder skeleton (D:4)
  A worm (D:4)
  3 dart slugs
  3 orcs (D:3)
  6 ball pythons
  5 bats
  7 endoplasms
  3 giant cockroaches
  7 hobgoblins
  4 jackals (D:1)
  2 quokkas
  2 frilled lizards (D:2)
  5 goblins
  11 kobolds
  3 rats
89 creatures vanquished.

Vanquished Creatures (collateral kills)
  2 orcs (D:3)
2 creatures vanquished.

Vanquished Creatures (others)
  A human (D:3)
  A plant (D:3)
2 creatures vanquished.

Grand Total: 93 creatures vanquished

Notes
Turn   | Place    | Note
-------+----------+-------------------------------------------
     0 | D:1      | Tocho the Vampire Necromancer began the quest for the Orb.
     0 | D:1      | Reached XP level 1. HP: 13/13 MP: 3/3
   195 | D:1      | Reached XP level 2. HP: 17/19 MP: 3/5
   202 | D:1      | Learned a level 1 spell: Animate Skeleton
   263 | D:1      | Reached skill level 5 in Necromancy
   784 | D:1      | Gained mutation: You are afflicted with vampirism and can
                  | become a bat while bloodless. [Vampire growth]
   784 | D:1      | Reached XP level 3. HP: 21/24 MP: 1/6
  1278 | D:2      | Reached XP level 4. HP: 29/30 MP: 5/8
  1969 | D:2      | Learned a level 3 spell: Vampiric Draining
  1974 | D:2      | Learned a level 4 spell: Animate Dead
  2017 | D:2      | Reached XP level 5. HP: 27/35 MP: 5/10
  2314 | D:2      | Reached skill level 6 in Necromancy
  2747 | D:3      | Found an ancient bone altar of Kikubaaqudgha.
  2750 | D:3      | Noticed a human
  2752 | D:3      | Killed a human
  2956 | D:3      | Found a shadowy altar of Dithmenos.
  3008 | D:3      | Noticed Jessica
  3258 | D:3      | Noticed Terence
  3308 | D:3      | Killed Jessica
  3309 | D:3      | Reached XP level 6. HP: 29/32 MP: 7/11
  3349 | D:3      | Killed Terence
  3778 | D:4      | Reached skill level 1 in Fighting
  4137 | D:4      | Found a staircase to the Ecumenical Temple.
  4198 | Temple   | Entered the Ecumenical Temple
  4296 | Temple   | Became a worshipper of Vehumet
  4348 | D:4      | Noticed Menkaure
  4834 | D:4      | Found a sparkling altar of Nemelex Xobeh.
  4847 | D:4      | Found the +2 hood of the Assassin {Detection Stab+ Stlth++}
  4853 | D:4      | Noticed Edmund
  4907 | D:4      | Noticed Blork the orc
  4913 | D:4      | Killed Blork the orc
  5030 | D:4      | Found Odokhuo's Armour Shop.
  5038 | D:4      | Bought a +0 robe for 8 gold pieces
  5038 | D:4      | Bought a +0 robe for 8 gold pieces
  5038 | D:4      | Bought a +0 cloak for 54 gold pieces
  5038 | D:4      | Bought a +0 robe for 8 gold pieces
  5304 | D:4      | Reached skill level 1 in Short Blades
  5419 | D:4      | Reached skill level 7 in Necromancy
  5728 | D:4      | Reached XP level 7. HP: 33/38 MP: 13/13
  5848 | D:4      | Slain by Menkaure

Illustrated notes

Levels and vault maps discovered:
D:1:      lightli_arrival_statuegarden, layout_loops_ring, minivault_23
D:2:      minmay_skewed_foursquare, layout_basic, basic_altar,
          guppyfry_early_lair_pool
D:3:      layout_basic, tgw_kikubaaqudgha, grunt_dithmenos_smoke,
          tso_oasis_becter, uniq_terence, uniq_jessica
D:4:      minmay_angry_zag, layout_basic, nemelex_xobeh_ov_fountains_minmay,
          minmay_temple_entry_trees, gup_sewer_entry_spiral, serial_shops, shop,
          uniq_blork_the_orc, uniq_edmund, uniq_menkaure
Temple:   zaba_magenta_temple

Skill      XL: |  1  2  3  4  5  6 |
---------------+-------------------+-----
Necromancy     | 5 6 7 |  7.0
Spellcasting   | 3 4 |  4.3
Fighting       | 1 |  1.2
Short Blades   | 1 |  1.2
Stealth        | 4 |  4.0
Dodging        | |  2.7

Action                   |  1- 3 |  4- 6 |  7- 9 || total
-------------------------+-------+-------+-------++-------
Melee: Unarmed           |     5 |       |       ||     5
       Bite              |     5 |     6 |       ||    11
       Short sword       |    28 |    70 |       ||    98
       Dagger            |       |    16 |     3 ||    19
 Cast: Pain              |    48 |   119 |       ||   167
       Animate Skeleton  |     8 |    13 |       ||    21
 Abil: Exsanguinate      |       |     1 |       ||     1
       Bat Form          |       |     1 |     1 ||     2
       End Transformatio |       |     1 |       ||     1
 Stab: Sleeping          |     1 |     5 |       ||     6
Armor: Robe              |    11 |    43 |       ||    54
Dodge: Dodged            |    31 |    92 |     5 ||   128

Table legend: (Time is in decaauts)
 A = Elapsed time spent in this place.
 B = Non-inter-level travel time spent in this place.
 C = Inter-level travel time spent in this place.
 D = Time resting spent in this place.
 E = Time spent auto-exploring this place.
 F = Levels seen in this place.
 G = Mean time per level.
                   A        B        C        D        E       F      G
               +--------+--------+--------+--------+--------+-----+--------+
         Total |   5845 |   5719 |    126 |    914 |   3473 |   5 | 1169.0 |
       Dungeon |   5730 |   5604 |    126 |    914 |   3428 |   4 | 1432.5 |
        Temple |    114 |    114 |      0 |      0 |     45 |   1 |  114.0 |
               +--------+--------+--------+--------+--------+-----+--------+

Top non-repeatable levels by time:
     D:2: 1675 daAuts
     D:4: 1603 daAuts
     D:3: 1438 daAuts
     D:1: 1014 daAuts
  Temple: 114 daAuts
